 Dungeon Crawl Stone Soup version 0.31-a0-640-g39d97e502b (webtiles) character file.

Game seed: 13272493933584848207

380 qw the Shooter (level 6, 0/38 HPs)
             Began as a Gargoyle Hunter on Aug 27, 2023.
             Slain by a wyvern (1 damage)
             ... on level 4 of the Dungeon.
             The game lasted 00:01:07 (2965 turns).

qw the Shooter (Gargoyle Hunter)                    Turns: 2965, Time: 00:01:07

Health: 0/38       AC:  9    Str: 14    XL:     6   Next: 75%
Magic:  6/6        EV: 10    Int: 10    God:
Gold:   232        SH:  0    Dex: 15    Spells: 5/5 levels left

rFire   . . .        Y - +3 shortbow
rCold   . . .        (shield currently unavailable)
rNeg    + . .        g - +0 ring mail
rPois   inf          (no helmet)
rElec   +            (no cloak)
rCorr   .            (no gloves)
SInv    .            (no boots)
Will    .....        h - amulet of the acrobat
Stlth   +            (no ring)
HPRegen 0.26/turn    (no ring)
MPRegen 0.10/turn

%: random rage (3%), acrobat
@: about to teleport
A: sickness immunity, AC +4, negative energy resistance 1, electricity
resistance, torment resistance 1, petrification resistance, berserk 1
a: no special abilities


You were on level 4 of the Dungeon.
You visited 1 branch of the dungeon, and saw 4 of its levels.

You collected 232 gold pieces.


Innate Abilities, Weirdness & Mutations

You are immune to sickness and miasma.
Your stone body is resilient. (AC +4)
You are immune to poison.
You resist negative energy. (rN+)
You are resistant to electric shocks. (rElec)
You are resistant to unholy torment.
You are immune to petrification.
You sometimes lose your temper in combat.


   Skills:
 - Level 4.0 Fighting
 + Level 7.0 Ranged Weapons
 - Level 1.2 Armour
 - Level 1.5 Dodging
 - Level 1.1 Stealth


You had 5 spell levels left.
You didn't know any spells.
Your spell library was empty.

Inventory:

Hand Weapons
 Y - a +3 shortbow (weapon)
Armour
 g - a +0 ring mail (worn)
Jewellery
 h - an amulet of the acrobat (around neck)
Scrolls
 a - 2 scrolls of teleportation
 c - 2 scrolls of identify
 m - a scroll of summoning {unknown}
 n - a scroll of torment {unknown}
Potions
 b - a potion of curing {unknown}
 d - 2 potions of enlightenment {unknown}
 e - 3 potions of cancellation {unknown}
 f - a potion of resistance {unknown}
 i - a potion of ambrosia {unknown}
 j - 2 potions of heal wounds {unknown}
 k - a potion of brilliance {unknown}
 l - a potion of degeneration {unknown}

Dungeon Overview and Level Annotations

Branches:
Dungeon (4/15)
 Temple: D:4-7

Altars:
Kikubaaqudgha
Sif Muna
Vehumet

Shops:
D:2 =


Message History

The black bear is severely wounded.
The black bear bites you but does no damage.
The black bear claws you but does no damage. x2
You shoot an arrow. The arrow hits the black bear!
The black bear is almost dead.
The black bear bites you but does no damage.
The black bear barely misses you. x2
You shoot an arrow. The arrow hits the black bear.
You kill the black bear!
The wyvern bites you but does no damage.
Your Ranged Weapons skill increases to level 7!
You shoot an arrow. The arrow hits the wyvern!
The wyvern is moderately wounded.
The wyvern bites you but does no damage. x2
You shoot an arrow. The arrow hits the wyvern.
The wyvern is moderately wounded.
The wyvern bites you.
You shoot an arrow. The arrow completely misses the wyvern.
The arrow barely misses the endoplasm.
The wyvern misses you. The wyvern closely misses you.
You shoot an arrow. The arrow hits the wyvern.
The wyvern is moderately wounded.
The wyvern bites you. x2
You shoot an arrow. The arrow hits the wyvern.
The wyvern is heavily wounded.
The wyvern bites you!
The wyvern bites you but does no damage.
You shoot an arrow.
The arrow hits the wyvern but does no damage.
The wyvern is moderately wounded.
The wyvern completely misses you.
You shoot an arrow.
The arrow hits the wyvern but does no damage.
The wyvern is moderately wounded.
The wyvern bites you! x2
2965 ||| READING 3 scrolls of teleportation.
As you read the scroll of teleportation, it crumbles to dust.
You feel strangely unstable. The wyvern bites you.
You die...

####...########..###
#....... ...........# ##...#
#....... #.........#
#.#.###...(...
#.........#####.#.##........
#.....)...#.....#...>.......
#.........#.###.#######'#...
#.........'.# #.# #.####
#.........#############.#
..........Jl@............#
...#######################
##. #


You could see a wyvern and an endoplasm.

Vanquished Creatures
  A black bear (D:4)
  A bullfrog (D:4)
  A scorpion (D:4)
  6 adders
  An ufetubus (D:4)
  3 dart slugs
  An orc (D:3)
  6 ball pythons
  8 bats
  8 endoplasms
  3 giant cockroaches
  10 goblins
  10 hobgoblins
  11 jackals
  2 kobolds
  7 quokkas
  4 frilled lizards
  3 rats
86 creatures vanquished.

Notes
Turn   | Place    | Note
-------+----------+-------------------------------------------
     0 | D:1      | qw the Gargoyle Hunter began the quest for the Orb.
     0 | D:1      | Reached XP level 1. HP: 12/12 MP: 1/1
     0 | D:1      | 0 ||| qw: Version: 0.3-a-74-g0d5e918
     0 | D:1      | 0 ||| qw: Game counter: 46
     0 | D:1      | 0 ||| qw: Melee chars always use a shield: true
     0 | D:1      | 0 ||| qw: God list: Okawaru
     0 | D:1      | 0 ||| qw: Allow faded altars: false
     0 | D:1      | 0 ||| qw: Do Orc after clearing Dungeon:15 true
     0 | D:1      | 0 ||| qw: Do second Lair branch before Depths: true
     0 | D:1      | 0 ||| qw: Lair rune preference: random
     0 | D:1      | 0 ||| qw: Goals: Normal
     0 | D:1      | 0 ||| PLANNING D:1-11
    80 | D:1      | Reached XP level 2. HP: 17/17 MP: 2/2
   405 | D:1      | Reached XP level 3. HP: 21/21 MP: 3/3
   454 | D:1      | Reached skill level 5 in Ranged Weapons
   651 | D:1      | 651 ||| UPGRADING to amulet of the acrobat.
   656 | D:1      | 656 ||| READING scroll labelled WENYIC JOASTAOSHRY.
   657 | D:1      | 657 ||| READING scroll labelled MEREAFFEROR.
   658 | D:1      | 658 ||| READING scroll labelled KIQADIEHOU.
   663 | D:1      | 663 ||| READING scroll labelled MUIPEA JORGHO.
   664 | D:1      | 664 ||| READING scroll labelled DAHAME JUMPA.
   665 | D:1      | 665 ||| DROPPING scroll of butterflies.
   715 | D:2      | Found Jused's Jewellery Shoppe.
   724 | D:2      | 724 ||| SHOPLISTING +4 ring of slaying (780 gold, have 87).
   724 | D:2      | 724 ||| SHOPLISTING amulet of reflection (300 gold, have
                  | 87).
   724 | D:2      | 724 ||| SHOPLISTING amulet of regeneration (300 gold, have
                  | 87).
   724 | D:2      | 724 ||| SHOPLISTING ring of fire (250 gold, have 87).
   946 | D:2      | Reached skill level 3 in Fighting
  1012 | D:2      | You fall into a shaft and drop 1 floor!
  1070 | D:3      | 1070 ||| UPGRADING to +0 ring mail.
  1080 | D:3      | 1080 ||| DROPPING +0 leather armour.
  1081 | D:3      | 1081 ||| READING scroll labelled DAEMEPL WYON.
  1082 | D:3      | 1082 ||| READING scroll labelled KOTUEG QEJE.
  1083 | D:3      | 1083 ||| READING scroll labelled TUEWKO NEYCAIW.
  1544 | D:3      | Reached skill level 1 in Armour
  1544 | D:3      | Reached XP level 4. HP: 25/28 MP: 4/4
  1603 | D:3      | 1603 ||| Stepping ~*~*~tactically~*~*~ (outnumbered).
  1626 | D:3      | 1626 ||| READING scroll of enchant weapon.
  1626 | D:3      | 1626 ||| ENCHANTING +1 shortbow.
  1795 | D:3      | 1795 ||| READING scroll of enchant weapon.
  1795 | D:3      | 1795 ||| ENCHANTING +2 shortbow.
  2018 | D:3      | 2018 ||| DRINKING 2 emerald potions.
  2018 | D:3      | Gained mutation: You are dopey. (Int -2) [potion of
                  | mutation]
  2018 | D:3      | Gained mutation: You are strong-willed. (Will+) [potion of
                  | mutation]
  2018 | D:3      | Gained mutation: You sometimes lose your temper in combat.
                  | [potion of mutation]
  2019 | D:3      | 2019 ||| DRINKING potion of mutation.
  2019 | D:3      | Lost mutation: You are strong-willed. (Will+) [potion of
                  | mutation]
  2019 | D:3      | Lost mutation: You are dopey. (Int -2) [potion of mutation]
  2020 | D:3      | 2020 ||| READING 3 scrolls of identify.
  2020 | D:3      | 2020 ||| IDENTIFYING glowing orange potion
  2021 | D:3      | 2021 ||| READING 2 scrolls of identify.
  2021 | D:3      | 2021 ||| IDENTIFYING fuming sapphire potion
  2022 | D:3      | 2022 ||| DROPPING potion of lignification.
  2023 | D:3      | 2023 ||| DROPPING potion of attraction.
  2158 | D:4      | Noticed a bullfrog
  2164 | D:4      | Killed a bullfrog
  2165 | D:4      | Reached skill level 6 in Ranged Weapons
  2165 | D:4      | Reached XP level 5. HP: 28/32 MP: 5/5
  2347 | D:4      | Reached XP level 6. HP: 38/38 MP: 6/6
  2691 | D:4      | Found a radiant altar of Vehumet.
  2695 | D:4      | Found an ancient bone altar of Kikubaaqudgha.
  2696 | D:4      | Found a shimmering blue altar of Sif Muna.
  2946 | D:4      | Noticed a black bear
  2948 | D:4      | Noticed a wyvern
  2949 | D:4      | 2949 ||| RETREATING.
  2951 | D:4      | 2951 ||| Stepping ~*~*~tactically~*~*~ (retreating).
  2952 | D:4      | 2952 ||| Stepping ~*~*~tactically~*~*~ (retreating).
  2953 | D:4      | 2953 ||| Stepping ~*~*~tactically~*~*~ (retreating).
  2954 | D:4      | 2954 ||| Stepping ~*~*~tactically~*~*~ (retreating).
  2957 | D:4      | Killed a black bear
  2958 | D:4      | Reached skill level 7 in Ranged Weapons
  2964 | D:4      | HP: 1/38 [wyvern (15)]
  2965 | D:4      | 2965 ||| READING 3 scrolls of teleportation.
  2965 | D:4      | Slain by a wyvern

Levels and vault maps discovered:
D:1:      minmay_arrival_stair_chambers, layout_basic, minmay_3d_cube
D:2:      layout_loops_ring, serial_shops, shop, kennysheep_generic_room_15
D:3:      layout_basic, kennysheep_generic_room_16
D:4:      kennysheep_six_static_rooms, layout_basic,
          grunt_temple_overflow_magic_moments

Skill      XL: |  1  2  3  4  5  6 |
---------------+-------------------+-----
Ranged Weapons | 5 6 7 |  7.0
Fighting       | 3 4 |  4.0
Armour         | 1 |  1.2
Dodging        | |  1.5
Stealth        | |  1.1

Action                     |  1- 3 |  4- 6 || total
---------------------------+-------+-------++-------
   Fire: Shortbow          |   104 |   138 ||   242
    Use: Scroll            |     8 |     5 ||    13
         Potion            |       |     2 ||     2
 Armour: Leather armour    |    19 |       ||    19
         Ring mail         |       |    47 ||    47
  Dodge: Dodged            |    22 |    50 ||    72

Table legend:
 A = Non-vault XP
 B = Vault XP
 C = Vault XP percentage of total XP
 D = Non-vault monster count
 E = Vault monster count
 F = Vault count percentage of total count
                 A         B        C        D         E       F
            +---------+---------+-------+---------+---------+-------
      Total |     402 |     141 |  26.0 |      70 |      16 |  18.6
            +---------+---------+-------+---------+---------+-------
        D:1 |      38 |       8 |  17.4 |      20 |       4 |  16.7
        D:2 |      25 |       2 |   7.4 |       8 |       2 |  20.0
        D:3 |      36 |      10 |  21.7 |      13 |       4 |  23.5
        D:4 |     303 |     121 |  28.5 |      29 |       6 |  17.1
            +---------+---------+-------+---------+---------+-------
